 Dungeon Crawl Stone Soup version 0.25-a0-166-g16436c4407 (webtiles) character file.

Game seed: 15434858044438091963, levelgen mode: deterministic

44 Leeroy the Conjurer (level 3, 0/26 HPs)
             Began as a Draconian Conjurer on Nov 23, 2019.
             Slain by an adder (2 damage)
             ... on level 2 of the Dungeon.
             The game lasted 00:04:19 (1903 turns).

Leeroy the Conjurer (Draconian Conjurer)            Turns: 1903, Time: 00:04:20

Health: 0/26       AC:  6    Str: 11    XL:     3   Next: 41%
Magic:  6/6        EV: 17    Int: 15    God:
Gold:   82         SH:  0    Dex: 16    Spells: 3/6 levels left

rFire    . . .     SeeInvis .   e - +0 dagger
rCold    . . .     Gourm    .   (no shield)
rNeg     . . .     Faith    .   (armour unavailable)
rPois    .         Spirit   .   (helmet restricted)
rElec    .         Reflect  .   i - scarf {cloud immunity}
rCorr    .         Harm     .   (no gloves)
MR       .....                  g - +0 pair of boots
Stlth    +++.......             (no amulet)
HPRegen  0.08/turn              (no ring)
MPRegen  0.10/turn              (no ring)

@: agile, lethally poisoned (0 -> -4), very slightly contaminated, invisible
A: unfitting armour, cold-blooded, AC +5
a: no special abilities


You were on level 2 of the Dungeon.
You were not hungry.

You visited 1 branch of the dungeon, and saw 3 of its levels.

You collected 82 gold pieces.

Inventory:

Hand Weapons
 e - a +0 dagger (weapon)
Armour
 g - a +0 pair of boots (worn)
 i - a scarf of cloud immunity (worn)
Jewellery
 f - an uncursed ring of resist corrosion {unknown}
 h - an uncursed amulet of magic regeneration {unknown}
Scrolls
 a - 5 scrolls of identify {unknown}
 c - 3 scrolls of remove curse {unknown}
 l - 2 scrolls of magic mapping {unknown}
Potions
 d - a potion of brilliance
 m - a potion of invisibility
Comestibles
 b - 6 rations
 j - 2 chunks of flesh


   Skills:
 - Level 1.7 Dodging
 - Level 1.7 Stealth
 - Level 2.0 Spellcasting
 + Level 5.2 Conjurations


You had 3 spell levels left.
You knew the following spells:

 Your Spells              Type           Power        Failure   Level  Hunger
a - Magic Dart            Conj           ###.         2%          1    #......
b - Searing Ray           Conj           ###...       3%          2    ###....

Your spell library contained the following spells:

 Spells                   Type           Power        Failure   Level  Hunger
 Dazzling Spray           Conj/Hex       #.....       22%         3    ###....
 Iskenderun's Mystic Bla  Conj           ###.....     26%         4    #####..
 Force Lance              Conj/Tloc      #.......     58%         4    #####..
 Fulminant Prism          Conj/Hex       #.........   58%         4    #####..


Dungeon Overview and Level Annotations

Branches:
Dungeon (3/15)

Altars:
Elyvilon
Ru


Innate Abilities, Weirdness & Mutations

Your plain brown scales are hard. (AC +5)
You cannot fit into any form of body armour.
You are cold-blooded and may be slowed by cold attacks.


Message History

Sorry, you're not good enough to have a special ability.
It was a potion of invisibility.
You fade into invisibility!
The frilled lizard closely misses you. The adder completely misses you.
The hobgoblin closely misses you.
You are very lightly contaminated with residual magic.
You closely miss the hobgoblin.
The hobgoblin is moderately wounded.
* * * LOW HITPOINT WARNING * * *
You feel sick. The adder closely misses you. The frilled lizard misses you.
The hobgoblin misses you.
You hit the hobgoblin.
The hobgoblin is severely wounded.
The adder completely misses you. The frilled lizard misses you.
The hobgoblin completely misses you. The adder bites you but does no damage.
You catch the helpless hobgoblin completely off-guard!
You hit the hobgoblin.
You kill the hobgoblin!
The frilled lizard closely misses you. The adder bites you.
You die...

......................#.
.......####.........[.#.
........# #...........##
........###...........##
........................
............#...........
............#...........
......l.............#...
.......@...)........#...
.(....S##...........#...
....... #...........#...
....... #........ #...
....### #.#+#########...
...##_###...........###.
..##...##...........# #.
..#⌠.#.⌠#...........# #.
##...##...........###.


You could see an adder and a frilled lizard.

Vanquished Creatures
  An adder (D:2)
  2 worms (D:2)
  2 leopard geckos
  2 bats (D:1)
  4 goblins
  7 hobgoblins
  2 kobolds
  A ball python (D:1)
  3 frilled lizards
  A quokka skeleton (D:2)
  3 rats
28 creatures vanquished.

Notes
Turn   | Place    | Note
-------+----------+-------------------------------------------
     0 | D:1      | Leeroy the Draconian Conjurer began the quest for the Orb.
     0 | D:1      | Reached XP level 1. HP: 14/14 MP: 3/3
   269 | D:1      | Reached XP level 2. HP: 18/20 MP: 5/5
   957 | D:1      | Learned a level 2 spell: Searing Ray
  1487 | D:2      | Reached skill level 5 in Conjurations
  1487 | D:2      | Reached XP level 3. HP: 9/26 MP: 0/6
  1852 | D:2      | Found a white marble altar of Elyvilon.
  1861 | D:2      | Found a sacrificial altar of Ru.
  1903 | D:2      | Slain by an adder

Levels and vault maps discovered:
D:1:      dpeg_arrival_round_a, layout_loops_cross
D:2:      layout_basic, amethyst_overflow_temple_binary,
          chequers_ecumenical_altar_simple_redux
D:3:      layout_basic, fiery_altar_vehumet, first_ration, uniq_terence,
          uniq_grinder, uniq_ijyb

Skill      XL: |  1  2 |
---------------+-------+-----
Conjurations   | 5 |  5.2
Dodging        | |  1.7
Stealth        | |  1.7
Spellcasting   | |  2.0

Action                   || total
-------------------------++-------
Melee: Dagger            ||   115
       Tailslap          ||    11
 Cast: Magic Dart        ||     8
       Searing Ray       ||     5
  Use: Potion            ||     4
 Stab: Sleeping          ||     2
       Invisible         ||     1
  Eat: Chunk             ||     4
Armor: Skin              ||    48
Dodge: Dodged            ||   128

Table legend:
 A = Non-vault XP
 B = Vault XP
 C = Vault XP percentage of total XP
 D = Non-vault monster count
 E = Vault monster count
 F = Vault count percentage of total count
                 A         B        C        D         E       F
            +---------+---------+-------+---------+---------+-------
      Total |      64 |       0 |   0.0 |      28 |       0 |   0.0
            +---------+---------+-------+---------+---------+-------
        D:1 |      23 |       0 |   0.0 |      13 |       0 |   0.0
        D:2 |      41 |       0 |   0.0 |      15 |       0 |   0.0
            +---------+---------+-------+---------+---------+-------
